 Dungeon Crawl Stone Soup version 0.29-a0-221-gceb61267dd (webtiles) character file.

Game seed: 12572149359944799579

936 Aksej the Skirmisher (level 7, -8/57 HPs)
             Began as a Demonspawn Monk on Feb 26, 2022.
             Killed by divine providence
             ... invoked by an orc priest
              (13 damage)
             ... on level 5 of the Dungeon.
             The game lasted 00:07:52 (4178 turns).

Aksej the Skirmisher (Demonspawn Monk)              Turns: 4178, Time: 00:07:52

Health: -8/57      AC:  7    Str: 15    XL:     7   Next: 87%
Magic:  7/7        EV: 14    Int: 11    God:
Gold:   172        SH:  0    Dex: 19    Spells: 6/6 levels left

rFire   . . .      SeeInvis .   a - +5 long sword of Distant Worlds {drain, Str+3}
rCold   . . .      Faith    .   (no shield)
rNeg    . . .      Spirit   .   c - +1 robe
rPois   .          Reflect  .   j - +1 helmet
rElec   .          Harm     .   o - +1 cloak
rCorr   .          Rampage  .   (no gloves)
Will    +....                   (no boots)
Stlth   ++++......              q - amulet of regeneration
HPRegen 0.99/turn               d - ring of willpower
MPRegen 0.10/turn               (no ring)

@: no status effects
A: claws 2, thin skeletal structure 1, high MP 1, screaming 1
a: no special abilities


You were on level 5 of the Dungeon.
You visited 1 branch of the dungeon, and saw 5 of its levels.

You collected 172 gold pieces.

Inventory:

Hand Weapons
 a - the +5 long sword of Distant Worlds (weapon) {drain, Str+3}
   (You found it on level 2 of the Dungeon)

   A truly terrible weapon, it drains the life of any living foe it strikes.
   Str:       It affects your strength (+3).
 b - a +0 mace
Armour
 c - a +1 robe (worn)
 j - a +1 helmet (worn)
 o - a +1 cloak (worn)
Jewellery
 d - a ring of willpower (left claw)
 q - an amulet of regeneration (around neck)
 v - a ring of resist corrosion
Scrolls
 i - a scroll of acquirement {unknown}
 k - 2 scrolls of blinking {unknown}
 l - a scroll of fog {unknown}
 m - 2 scrolls of teleportation
 n - a scroll of noise {unknown}
 p - a scroll of fear {unknown}
 u - a scroll of enchant armour
Potions
 f - a potion of cancellation
 g - a potion of haste
 r - a potion of curing
 s - a potion of invisibility {unknown}
 t - a potion of brilliance {unknown}


   Skills:
 * Level 5.6 Fighting
 + Level 4.8 Long Blades
 + Level 3.3 Maces & Flails
 + Level 3.9 Dodging
 + Level 3.8 Stealth


You had 6 spell levels left.
You didn't know any spells.
Your spell library was empty.

Dungeon Overview and Level Annotations

Branches:
Dungeon (5/15)
 Temple: D:4-7

Altars:
Uskayaw
The Shining One


Innate Abilities, Weirdness & Mutations

You have very sharp fingernails.
You have a somewhat thin skeletal structure. (Dex +2, Stealth+)
You have an increased reservoir of magic. (+10% MP)
You occasionally shout uncontrollably at your foes.


Message History

The ogre barely misses you.
You completely miss the ogre.
The ogre is severely wounded.
The ogre hits you with a +0 giant club!
You hit the ogre.
The ogre is almost dead.
The ogre misses you.
You slash the ogre!
You kill the ogre!
HP restored.
An orc warrior, an orc and 2 orc priests come into view.
The orc priest shouts! x2
The orc priest calls down the wrath of Beogh upon you.
Beogh smites you!
The orc priest looks satisfied for a moment.
Found 7 gold pieces.
The orc priest invokes the aid of Beogh against you.
Beogh smites you!
The orc shouts!
You hit the orc priest. You drain the orc priest.
The orc priest is heavily wounded.
The orc priest closely misses you.
You hit the orc priest. You drain the orc priest.
You kill the orc priest!
The orc warrior barely misses you.
You hit the orc priest but do no damage.
The orc hits you but does no damage.
The orc warrior hits you with a +0 dire flail!
The orc priest mumbles some strange prayers to Beogh against you.
Beogh smites you!
* * * LOW HITPOINT WARNING * * *
The orc misses you.
You feel much better.
The orc warrior hits you with a +0 dire flail!!
* * * LOW HITPOINT WARNING * * *
The orc priest misses you. The orc hits you with a +0 falchion.
* * * LOW HITPOINT WARNING * * *
The orc priest invokes the aid of Beogh against you.
Beogh smites you!
You die...

#######.# #####
#....##.###...#
.#######.........+.[.+
.........##..#..##...#
.########..##..#........
.................)......
...............#..####..
#'########..##.....# #.#
........@...##.....####.#
$.....oo.................
.......o...###..#.#####.#
...........# #..... ...#
.........................
..........####..#..####.#
........### ###.. #.#
........# ## #.#
......... #..


You could see an orc warrior, an orc priest and an orc.

Vanquished Creatures
  Grinder (D:4)
  2 ogres
  A bullfrog (D:4)
  2 scorpions (D:4)
  2 orc priests
  3 iguanas
  2 orc wizards (D:3)
  3 gnolls
  6 adders
  2 worms (D:2)
  3 dart slugs
  16 orcs
  5 endoplasms
  7 giant cockroaches
  8 goblins
  6 hobgoblins
  5 kobolds
  6 quokkas
  8 ball pythons
  3 bats
  5 frilled lizards
  5 rats (D:1)
101 creatures vanquished.

Vanquished Creatures (others)
  A plant (D:3)
1 creature vanquished.

Grand Total: 102 creatures vanquished

Notes
Turn   | Place    | Note
-------+----------+-------------------------------------------
     0 | D:1      | Aksej the Demonspawn Monk began the quest for the Orb.
     0 | D:1      | Reached XP level 1. HP: 18/18 MP: 1/1
   335 | D:1      | Gained mutation: You have sharp fingernails. [demonic
                  | ancestry]
   335 | D:1      | Reached XP level 2. HP: 23/24 MP: 2/2
  1279 | D:1      | Gained mutation: You have very sharp fingernails. [demonic
                  | ancestry]
  1279 | D:1      | Reached XP level 3. HP: 28/29 MP: 3/3
  1532 | D:2      | Identified the +5 long sword of Distant Worlds {drain,
                  | Str+3}
  2033 | D:2      | Reached XP level 4. HP: 36/37 MP: 4/4
  2060 | D:2      | Reached skill level 4 in Fighting
  2328 | D:3      | Reached skill level 1 in Long Blades
  2337 | D:3      | Gained mutation: You have an increased reservoir of magic.
                  | (+10% MP) [potion of mutation]
  2337 | D:3      | Gained mutation: You occasionally shout uncontrollably at
                  | your foes. [potion of mutation]
  2665 | D:3      | Gained mutation: You have a somewhat thin skeletal
                  | structure. (Dex +2, Stealth+) [demonic ancestry]
  2665 | D:3      | Reached XP level 5. HP: 34/42 MP: 5/5
  3031 | D:3      | Found a faded altar of an unknown god.
  3632 | D:4      | Reached XP level 6. HP: 28/50 MP: 6/6
  3711 | D:4      | Reached skill level 5 in Fighting
  3772 | D:4      | Noticed Grinder
  3789 | D:4      | Killed Grinder
  3790 | D:4      | Reached XP level 7. HP: 42/56 MP: 7/7
  4034 | D:4      | Found a hide-covered altar of Uskayaw.
  4078 | D:5      | Entered Level 5 of the Dungeon
  4178 | D:5      | Killed from afar by an orc priest

Illustrated notes

Levels and vault maps discovered:
D:1:      beargit_arrival_diablo_church, layout_basic, serial_bayou_pond_c
D:2:      layout_rooms, basic_altar
D:3:      cheibrodos_old_hovel, layout_basic, basic_ecumenical_altar
D:4:      minmay_chambers_of_twos, layout_basic, nicolae_uskayaw_suspiria,
          hangedman_feature_mirror, uniq_grinder
D:5:      layout_basic, minmay_temple_entry_antechambers, serial_shops,
          nicolae_lakefront_shop, uniq_crazy_yiuf_cottage

Skill      XL: |  1  2  3  4  5  6 |
---------------+-------------------+-----
Stealth        | 2 3 |  3.8
Maces & Flails | 3 |  3.3
Dodging        | 3 |  3.9
Fighting       | 4 5 |  5.6
Long Blades    | 1 2 4 |  4.8

Action                   |  1- 3 |  4- 6 |  7- 9 || total
-------------------------+-------+-------+-------++-------
Melee: Mace              |   105 |       |       ||   105
       Punch             |     1 |     2 |       ||     3
       Long sword        |    31 |   100 |    44 ||   175
Throw: Throwing net      |       |     1 |       ||     1
  Use: Scroll            |     2 |     4 |     2 ||     8
       Potion            |       |     2 |     1 ||     3
 Stab: Sleeping          |     5 |     7 |     2 ||    14
       Distracted        |     1 |       |       ||     1
Armor: Robe              |    24 |    22 |     8 ||    54
Dodge: Dodged            |   111 |    90 |    26 ||   227

Table legend: (Time is in decaauts)
 A = Elapsed time spent in this place.
 B = Non-inter-level travel time spent in this place.
 C = Inter-level travel time spent in this place.
 D = Time resting spent in this place.
 E = Time spent auto-exploring this place.
 F = Levels seen in this place.
 G = Mean time per level.
                   A        B        C        D        E       F      G
               +--------+--------+--------+--------+--------+-----+--------+
         Total |   4263 |   4157 |    106 |      0 |   3347 |   5 |  852.6 |
       Dungeon |   4263 |   4157 |    106 |      0 |   3347 |   5 |  852.6 |
               +--------+--------+--------+--------+--------+-----+--------+

Top non-repeatable levels by time:
     D:1: 1536 daAuts
     D:3: 1197 daAuts
     D:2: 752 daAuts
     D:4: 673 daAuts
     D:5: 103 daAuts
